 Dungeon Crawl Stone Soup version 0.31-a0-1098-g6898e6545c (webtiles) character file.

Game seed: 8754968461896519782

86 Malachi the Ruffian (level 4, 0/28 HPs)
             Began as an Octopode Shapeshifter on Nov 30, 2023.
             Was a Follower of Ru.
             Slain by a gnoll
             ... wielding a +0 spear
              (5 damage)
             ... on level 3 of the Dungeon.
             The game lasted 00:02:43 (1903 turns).

Malachi the Ruffian (Octopode Shapeshifter)         Turns: 1903, Time: 00:02:44

Health: 0/28       AC:  1    Str: 15    XL:     4   Next: 49%
Magic:  4/4        EV: 13    Int: 12    God:    Ru [*.....]
Gold:   77         SH:  0    Dex: 11    Spells: 3/3 levels left

rFire   . . .        j - +2 dagger (venom)
rCold   . . .        (no shield)
rNeg    . . .        (helmet currently unavailable)
rPois   .            (no amulet)
rElec   .            (no ring)
rCorr   .            (no ring)
SInv    .            (no ring)
Will    .....        (no ring)
Stlth   ++           (no ring)
HPRegen 0.24/turn    (no ring)
MPRegen 0.09/turn    (no ring)
                     (no ring)

%: no passive effects
@: beast-form
A: beast (slay +2), almost no armour, amphibious, 8 rings, camouflage 1,
gelatinous body 1, no air magic, no necromancy magic, no transmutations magic,
(nimble swimmer 1), tentacles
a: Begin Untransformation, Renounce Religion


You were on level 3 of the Dungeon.
You worshipped Ru.
Ru was aware of your devotion.
You were a hulking beast.
You visited 1 branch of the dungeon, and saw 3 of its levels.

You collected 77 gold pieces.

Inventory:

Hand Weapons
 j - a +2 dagger of venom (weapon)
Jewellery
 d - a +6 ring of intelligence
 g - a ring of fire
Talismans
 b - a beast talisman
 c - a flux talisman
Scrolls
 e - a scroll of revelation {unknown}
 f - a scroll of teleportation {unknown}
 h - a scroll of fear {unknown}
 i - a scroll of identify {unknown}
 k - a scroll of enchant armour {unknown}
 n - a scroll of vulnerability {unknown}
Potions
 a - a potion of lignification


   Skills:
 - Level 1.2 Fighting
 - Level 2.1 Dodging
 + Level 4.1 Unarmed Combat
 + Level 3.9 Shapeshifting


You had 3 spell levels left.
You didn't know any spells.
Your spell library contained the following spells:

 Spells                   Type           Power      Damage    Failure   Level
 Cigotuvi's Dreadful Rot  Necr/Pois/Air  Unusable   N/A       N/A         2
 Dispel Undead            Necr           Unusable   3d6       N/A         4
 Death Channel            Necr           Unusable   N/A       N/A         6

Dungeon Overview and Level Annotations

Branches:
Dungeon (3/15)

Altars:
Ru


Innate Abilities, Weirdness & Mutations

You are a hulking beast.
Your limbs bulge with bestial killing power. (Slay +2)
You cannot wear most types of armour.
You are amphibious.
You can wear up to eight rings at the same time.
Your skin changes colour to match your surroundings (Stealth+).
Your rubbery body absorbs attacks. (AC +1, EV +1)
You cannot study or cast Air magic.
You cannot study or cast Necromancy magic.
You cannot study or cast Transmutations magic.
((You are camouflaged when in or above water. (Stealth+)))
You have tentacles for arms and can constrict up to eight enemies at once.


Message History

The goblin shouts!
There is a stone staircase leading up here.
Unknown command.
You barely miss the goblin. You grab the goblin. You constrict the goblin.
The goblin barely misses you.
You barely miss the goblin. You squeeze the goblin.
You kill the goblin!
An endoplasm is nearby!
The endoplasm freezes you.
You are frozen.
You hit the endoplasm.
The endoplasm is almost dead.
The endoplasm freezes you.
You are frozen.
You hit the endoplasm.
You kill the endoplasm!
The gnoll shouts!
You hear a shout!
You hit the goblin.
You kill the goblin!
An endoplasm comes into view.
The gnoll hits you from afar with a +0 spear.
The gnoll hits you from afar with a +0 spear.
The endoplasm quivers.
You hit the gnoll but do no damage.
The gnoll is poisoned.
Your grab misses the gnoll. The gnoll barely misses you.
The gnoll closely misses you.
You hit the gnoll.
The gnoll looks as sick as possible!
Your grab misses the gnoll.
The gnoll is heavily wounded.
The gnoll hits you from afar with a +0 spear.
The gnoll barely misses you.
You kill the gnoll!
The gnoll attacks as it pursues you!
The gnoll hits you from afar with a +0 spear!
* * * LOW HITPOINT WARNING * * *
You see here a +0 dagger.
The gnoll attacks as it pursues you! The gnoll barely misses you.
The gnoll attacks as it pursues you!
The gnoll hits you from afar with a +0 spear.
You die...

#.......# ≈≈
#.......# ..≈.
#.......# ##.≈.
#.......#
.....##.......#
#.≈..#.......#
#.≈..........#
####.≈.....#.<###
....J≈.....h....#
≈≈≈≈≈≈...g......#
........)....)..#
......)g........+
###....####.....#
....... #.....#
###..### ##.####
#..#.. ..# #.g#.#
###


You could see 2 gnolls and an endoplasm.

Vanquished Creatures
  A gnoll (D:3)
  An adder (D:2)
  A dart slug (D:1)
  2 endoplasms
  6 giant cockroaches
  7 goblins
  6 hobgoblins
  7 jackals (D:1)
  5 kobolds
  A quokka (D:1)
  7 ball pythons
  5 bats
  3 frilled lizards (D:2)
  5 rats
57 creatures vanquished.

Notes
Turn   | Place    | Note
-------+----------+-------------------------------------------
     0 | D:1      | Malachi the Octopode Shapeshifter began the quest for the
                  | Orb.
     0 | D:1      | Reached XP level 1. HP: 13/13 MP: 1/1
   255 | D:1      | Reached XP level 2. HP: 18/18 MP: 2/2
   546 | D:1      | Reached XP level 3. HP: 23/23 MP: 3/3
   559 | D:1      | Found a faded altar of an unknown god.
   643 | D:1      | Prayed at the altar of an unknown god.
   643 | D:1      | Became a worshipper of Ru the Awakened
   820 | D:1      | Gained mutation: You cannot study or cast Air magic. [Ru
                  | sacrifice]
   820 | D:1      | Gained mutation: You cannot study or cast Transmutations
                  | magic. [Ru sacrifice]
   820 | D:1      | Gained mutation: You cannot study or cast Necromancy magic.
                  | [Ru sacrifice]
   820 | D:1      | Reached * piety under Ru
  1316 | D:2      | Reached XP level 4. HP: 28/28 MP: 4/4
  1326 | D:2      | Identified the +2 falchion "Rothrerch" {speed, Fragile
                  | Int+6 Stlth+}
  1646 | D:2      | Reached skill level 4 in Unarmed Combat
  1903 | D:3      | Slain by a gnoll

Illustrated notes

Levels and vault maps discovered:
D:1:      amcnicky_arrival_flooded_fountain, layout_loops_corners,
          chequers_ecumenical_altar_simple_redux
D:2:      layout_loops_cross, wander_ebering_terrifying_dragon_lair
D:3:      layout_basic, lightli_temple_of_fire, mainiacjoe_overflow_brackets

Skill      XL: |  1  2  3  4 |
---------------+-------------+-----
Unarmed Combat | 4 |  4.1
Fighting       | |  1.2
Dodging        | |  2.1
Shapeshifting  | |  3.9

Action                     |  1- 3 |  4- 6 || total
---------------------------+-------+-------++-------
  Melee: Unarmed           |    52 |       ||    52
         Constrict         |    22 |     5 ||    27
         Tentacles         |    13 |     2 ||    15
         Dagger            |    29 |    22 ||    51
         Punch             |     1 |       ||     1
 Invoke: Sacrifice Arcana  |     1 |       ||     1
   Stab: Sleeping          |     5 |     2 ||     7
 Armour: Skin              |    33 |    13 ||    46
  Dodge: Dodged            |    64 |    16 ||    80

Table legend: (Time is in decaauts)
 A = Elapsed time spent in this place.
 B = Non-inter-level travel time spent in this place.
 C = Inter-level travel time spent in this place.
 D = Time resting spent in this place.
 E = Time spent auto-exploring this place.
 F = Levels seen in this place.
 G = Mean time per level.
                   A        B        C        D        E       F      G
               +--------+--------+--------+--------+--------+-----+--------+
         Total |   1899 |   1751 |    148 |     77 |   1372 |   3 |  633.0 |
       Dungeon |   1899 |   1751 |    148 |     77 |   1372 |   3 |  633.0 |
               +--------+--------+--------+--------+--------+-----+--------+

Top non-repeatable levels by time:
     D:1: 926 daAuts
     D:2: 887 daAuts
     D:3: 85 daAuts
